 Dungeon Crawl Stone Soup version 0.30-a0-232-g7c5df11ecf (webtiles) character file.

Game seed: 6683883054783588699

424 qw the Chopper (level 6, -12/38 HPs)
             Began as a Gargoyle Fighter on Oct 9, 2022.
             Mangled by an ogre
             ... wielding a +0 giant club
              (15 damage)
             ... on level 4 of the Dungeon.
             The game lasted 00:01:25 (3268 turns).

qw the Chopper (Gargoyle Fighter)                   Turns: 3268, Time: 00:01:26

Health: -12/38     AC: 17    Str: 21    XL:     6   Next: 96%
Magic:  6/6        EV: 11    Int:  9    God:
Gold:   254        SH:  4    Dex:  9    Spells: 5/5 levels left

rFire   . . .      SeeInvis .    Y - +2 war axe
rCold   . . .      Faith    .    c - +0 buckler
rNeg    + . .      Spirit   .    j - +0 chain mail
rPois   inf        Reflect  .    g - +0 helmet
rElec   +          Harm     .    (no cloak)
rCorr   .          Rampage  .    q - +0 pair of gloves
Will    .....                    l - +0 pair of boots
Stlth   ..........               (no amulet)
HPRegen 0.26/turn                a - +4 ring of evasion
MPRegen 0.10/turn                (no ring)

@: no status effects
A: sickness immunity, AC +4, negative energy resistance 1, electricity
resistance, torment resistance 1, petrification resistance
a: no special abilities


You were on level 4 of the Dungeon.
You visited 1 branch of the dungeon, and saw 5 of its levels.

You collected 254 gold pieces.


Innate Abilities, Weirdness & Mutations

You are immune to sickness and miasma.
Your stone body is resilient. (AC +4)
You are immune to poison.
You resist negative energy. (rN+)
You are resistant to electric shocks. (rElec)
You are resistant to unholy torment.
You are immune to petrification.


   Skills:
 - Level 4.2 Fighting
 - Level 6.0 Axes
 - Level 1.0 Throwing
 - Level 3.2 Armour
 + Level 0.2 Dodging
 - Level 3.2 Shields


You had 5 spell levels left.
You didn't know any spells.
Your spell library was empty.

Inventory:

Hand Weapons
 r - a +0 flail
 Y - a +2 war axe (weapon)
Armour
 c - a +0 buckler (worn)
 g - a +0 helmet (worn)
 j - a +0 chain mail (worn)
 l - a +0 pair of boots (worn)
 q - a +0 pair of gloves (worn)
Jewellery
 a - a +4 ring of evasion (left hand)
Scrolls
 i - 3 scrolls of identify
Potions
 b - 2 potions of lignification
 d - a potion of might
 f - a potion of curing
 m - a potion of haste
 n - a potion of resistance

Dungeon Overview and Level Annotations

Branches:
Dungeon (5/15)             Temple (0/1) D:5

Altars:
Vehumet
Wu Jian


Message History

3251 ||| FLEEEEING.
The white imp disappears for a moment.
3252 ||| FLEEEEING.
3253 ||| FLEEEEING.
3254 ||| FLEEEEING.
You see here a jackal corpse.
3255 ||| FLEEEEING.
There is a stone staircase leading up here.
3256 ||| STAIRDANCE You climb upwards.
There is a stone staircase leading down here.
Done exploring.
(D) Dungeon (T) Temple
Where to? (* - list waypoints, Enter - Temple, ? - help)
You climb downwards.
There is a stone staircase leading up here.
There are monsters nearby!
3260 ||| STAIRDANCE You climb upwards.
There is a stone staircase leading down here.
Done exploring.
(D) Dungeon (T) Temple
Where to? (* - list waypoints, Enter - Temple, ? - help)
You climb downwards.
The ogre hits you with a +0 giant club! The white imp gestures at you.
The puff of frost hits you.
There is a stone staircase leading up here.
3264 ||| STAIRDANCE The ogre hits you with a +0 giant club!!
Ouch! That really hurt!
You climb upwards.
There is a stone staircase leading down here.
You barely miss the ogre. You block the ogre's attack.
You slash the ogre!
The ogre is moderately wounded.
You completely miss the ogre.
The ogre is moderately wounded.
The ogre hits you with a +0 giant club!
You die...

#...........#....#####.#.....#..#
#........................#..##...
#................#####.###..#....
#..>...................##..##...#
#..............................##
##........................##.....
##...........................###
#...............#...........###
##..<....)...O@##.........###..
##.....#...[.###..............
########.#### #..............
#.## #.............. #..#
#####...###..... ##.# ##.......#
#..... #####.###.<#.....# #.....
#................###.....
###...............##.....


You could see an ogre.

Vanquished Creatures
  A gnoll sergeant (D:5)
  2 hounds (D:4)
  A gnoll bouda (D:4)
  An orc priest (D:3)
  4 adders
  12 gnolls
  An ufetubus (D:5)
  A dart slug (D:3)
  7 orcs
  6 ball pythons
  6 endoplasms
  7 giant cockroaches
  4 goblins
  7 hobgoblins
  6 jackals
  4 quokkas
  8 bats
  2 frilled lizards
  5 kobolds
  7 rats
92 creatures vanquished.

Notes
Turn   | Place    | Note
-------+----------+-------------------------------------------
     0 | D:1      | qw the Gargoyle Fighter began the quest for the Orb.
     0 | D:1      | Reached XP level 1. HP: 14/14 MP: 1/1
     0 | D:1      | 0 ||| qw: Version: 0.2-a-17-g06abaee
     0 | D:1      | 0 ||| qw: Game counter: 2317
     0 | D:1      | 0 ||| qw: Always use a shield: true
     0 | D:1      | 0 ||| qw: God list: Okawaru
     0 | D:1      | 0 ||| qw: Allow faded altars: false
     0 | D:1      | 0 ||| qw: Do Orc after D:15 true
     0 | D:1      | 0 ||| qw: Do second Lair branch before Depths: true
     0 | D:1      | 0 ||| qw: Lair rune preference: random
     0 | D:1      | 0 ||| qw: Plans: Normal, Zot:1-4, God:TSO, Crypt, Tomb,
                  | Pan, Slime:5, Hells, Abyss, Orb
     0 | D:1      | 0 ||| PLANNING D:1-11
    70 | D:1      | Reached skill level 2 in Axes
   147 | D:1      | 147 ||| Stepping ~*~*~tactically~*~*~ (stealth).
   186 | D:1      | Reached XP level 2. HP: 19/19 MP: 2/2
   645 | D:1      | 645 ||| UPGRADING to +0 helmet.
   650 | D:1      | 650 ||| UPGRADING to +0 chain mail.
   660 | D:1      | 660 ||| DROPPING +0 scale mail.
   661 | D:1      | 661 ||| UPGRADING to +0 pair of boots.
   666 | D:1      | 666 ||| READING scroll labelled REHONIR KOUR.
   667 | D:1      | 667 ||| READING scroll labelled NUHYBA ZIEVEPT.
   768 | D:1      | 768 ||| READING 4 scrolls labelled EFFOMIAGEPT.
   769 | D:1      | 769 ||| READING scroll labelled SIOL YVUUXOO.
   770 | D:1      | 770 ||| READING 3 scrolls of identify.
   770 | D:1      | 770 ||| IDENTIFYING viscous dark potion
   771 | D:1      | 771 ||| DROPPING potion of brilliance.
   840 | D:2      | Reached skill level 3 in Axes
   863 | D:2      | Reached XP level 3. HP: 18/23 MP: 3/3
  1452 | D:2      | 1452 ||| UPGRADING to +4 ring of evasion.
  1453 | D:2      | 1453 ||| READING 2 scrolls labelled WUVISI WUIRU.
  1454 | D:2      | 1454 ||| READING 2 scrolls of identify.
  1454 | D:2      | 1454 ||| IDENTIFYING glowing ruby potion
  1455 | D:2      | 1455 ||| DROPPING scroll of immolation.
  1487 | D:3      | Reached skill level 1 in Throwing
  1490 | D:3      | Reached XP level 4. HP: 19/28 MP: 4/4
  1551 | D:3      | 1551 ||| Stepping ~*~*~tactically~*~*~ (stealth).
  1552 | D:3      | 1552 ||| Stepping ~*~*~tactically~*~*~ (hiding).
  1559 | D:3      | Reached skill level 4 in Axes
  1559 | D:3      | 1559 ||| Stepping ~*~*~tactically~*~*~ (hiding).
  1572 | D:3      | Reached XP level 5. HP: 29/32 MP: 5/5
  1891 | D:3      | Found a radiant altar of Vehumet.
  1947 | D:3      | 1947 ||| READING scroll of enchant weapon.
  1947 | D:3      | 1947 ||| ENCHANTING +1 war axe.
  2184 | D:3      | 2184 ||| DROPPING +0 whip.
  2414 | D:3      | Found an ornate altar of the Wu Jian Council.
  2421 | D:3      | 2421 ||| UPGRADING to +0 pair of gloves.
  2426 | D:3      | 2426 ||| READING scroll labelled WYELEDD ZONAEMM.
  2427 | D:3      | 2427 ||| READING 3 scrolls labelled KOOFOL HAPHU.
  2428 | D:3      | 2428 ||| READING scroll labelled IPUSUU FOUG.
  2429 | D:3      | 2429 ||| READING scroll labelled TIOKHA KYKK.
  2434 | D:3      | 2434 ||| DRINKING 2 amethyst potions.
  2435 | D:3      | 2435 ||| READING 2 scrolls of identify.
  2435 | D:3      | 2435 ||| IDENTIFYING metallic puce potion
  2436 | D:3      | 2436 ||| DROPPING 2 scrolls of blinking.
  2549 | D:4      | Reached skill level 5 in Axes
  2642 | D:4      | 2642 ||| Stepping ~*~*~tactically~*~*~ (hiding).
  2654 | D:4      | 2654 ||| Stepping ~*~*~tactically~*~*~ (stealth).
  2659 | D:4      | 2659 ||| Stepping ~*~*~tactically~*~*~ (stealth).
  2673 | D:4      | Reached XP level 6. HP: 32/38 MP: 6/6
  2677 | D:4      | HP: 9/38 [gnoll/+0 halberd[a gnoll bouda] (8)]
  2678 | D:4      | 2678 ||| READING scroll of teleportation.
  2682 | D:4      | HP: 5/38 [gnoll/+0 halberd[a gnoll bouda] (1)]
  2687 | D:4      | HP: 5/38 [gnoll bouda/+0 club (1)]
  2691 | D:4      | HP: 1/38 [gnoll/+0 halberd[a gnoll bouda] (2)]
  2882 | D:4      | 2882 ||| Stepping ~*~*~tactically~*~*~ (stealth).
  2883 | D:4      | 2883 ||| Stepping ~*~*~tactically~*~*~ (stealth).
  3055 | D:4      | 3055 ||| DROPPING scarf of invisibility.
  3056 | D:4      | 3056 ||| READING scroll labelled AZXAECKIGE.
  3057 | D:4      | 3057 ||| READING 5 scrolls of identify.
  3057 | D:4      | 3057 ||| IDENTIFYING black potion
  3058 | D:4      | 3058 ||| READING 4 scrolls of identify.
  3058 | D:4      | 3058 ||| IDENTIFYING orange potion
  3059 | D:4      | 3059 ||| DROPPING potion of flight.
  3100 | D:5      | Entered Level 5 of the Dungeon
  3103 | D:5      | 3103 ||| STAIRDANCE
  3128 | D:5      | 3128 ||| Stepping ~*~*~tactically~*~*~ (stealth).
  3136 | D:5      | 3136 ||| Stepping ~*~*~tactically~*~*~ (stealth).
  3157 | D:5      | 3157 ||| FLEEEEING.
  3158 | D:5      | 3158 ||| FLEEEEING.
  3159 | D:5      | 3159 ||| FLEEEEING.
  3160 | D:5      | 3160 ||| FLEEEEING.
  3163 | D:5      | 3163 ||| FLEEEEING.
  3164 | D:5      | 3164 ||| FLEEEEING.
  3165 | D:5      | 3165 ||| FLEEEEING.
  3166 | D:5      | 3166 ||| FLEEEEING.
  3168 | D:5      | Reached skill level 6 in Axes
  3169 | D:5      | 3169 ||| STAIRDANCE
  3230 | D:5      | Found a staircase to the Ecumenical Temple.
  3231 | D:5      | 3231 ||| PLANNING TEMPLE
  3237 | D:5      | 3237 ||| FLEEEEING.
  3238 | D:5      | 3238 ||| FLEEEEING.
  3239 | D:5      | 3239 ||| FLEEEEING.
  3240 | D:5      | 3240 ||| FLEEEEING.
  3241 | D:5      | 3241 ||| FLEEEEING.
  3242 | D:5      | 3242 ||| FLEEEEING.
  3243 | D:5      | 3243 ||| FLEEEEING.
  3244 | D:5      | 3244 ||| FLEEEEING.
  3245 | D:5      | 3245 ||| FLEEEEING.
  3246 | D:5      | 3246 ||| FLEEEEING.
  3247 | D:5      | 3247 ||| FLEEEEING.
  3248 | D:5      | 3248 ||| FLEEEEING.
  3249 | D:5      | 3249 ||| FLEEEEING.
  3250 | D:5      | 3250 ||| FLEEEEING.
  3251 | D:5      | 3251 ||| FLEEEEING.
  3252 | D:5      | 3252 ||| FLEEEEING.
  3253 | D:5      | 3253 ||| FLEEEEING.
  3254 | D:5      | 3254 ||| FLEEEEING.
  3255 | D:5      | 3255 ||| FLEEEEING.
  3256 | D:5      | 3256 ||| STAIRDANCE
  3260 | D:5      | 3260 ||| STAIRDANCE
  3264 | D:5      | 3264 ||| STAIRDANCE
  3264 | D:5      | HP: 1/38 [ogre/+0 giant club (21)]
  3268 | D:4      | Mangled by an ogre

Levels and vault maps discovered:
D:1:      minmay_arrival_loop, layout_loops_ring
D:2:      layout_loops_ring
D:3:      layout_loops_ring, nzn_wu_jian_council_hall,
          mainiacjoe_overflow_paths, nicolae_hexahallways, columned_hall_lemuel
D:4:      layout_rooms
D:5:      layout_cave_pools, minmay_temple_entry_statues_fountains, uniq_duvessa

Skill      XL: |  1  2  3  4  5  6 |
---------------+-------------------+-----
Axes           | 2 3 4 5 6 |  6.0
Throwing       | 1 |  1.0
Fighting       | 4 |  4.2
Armour         | |  3.2
Dodging        | |  0.2
Shields        | |  3.2

Action                   |  1- 3 |  4- 6 || total
-------------------------+-------+-------++-------
Melee: War axe           |   122 |   145 ||   267
Throw: Javelin           |     2 |    11 ||    13
  Use: Scroll            |     7 |    10 ||    17
       Potion            |       |     1 ||     1
Armor: Scale mail        |    25 |       ||    25
       Chain mail        |    53 |    72 ||   125
Dodge: Dodged            |    42 |    90 ||   132
Block: Buckler           |    31 |    37 ||    68

Table legend:
 A = Non-vault XP
 B = Vault XP
 C = Vault XP percentage of total XP
 D = Non-vault monster count
 E = Vault monster count
 F = Vault count percentage of total count
                 A         B        C        D         E       F
            +---------+---------+-------+---------+---------+-------
      Total |     606 |       0 |   0.0 |      92 |       0 |   0.0
            +---------+---------+-------+---------+---------+-------
        D:1 |      23 |       0 |   0.0 |      16 |       0 |   0.0
        D:2 |      46 |       0 |   0.0 |      21 |       0 |   0.0
        D:3 |     159 |       0 |   0.0 |      23 |       0 |   0.0
        D:4 |     215 |       0 |   0.0 |      24 |       0 |   0.0
        D:5 |     163 |       0 |   0.0 |       8 |       0 |   0.0
            +---------+---------+-------+---------+---------+-------
